 Dungeon Crawl Stone Soup version 0.24-a0-537-g2d01d4ab0a (webtiles) character file.

Game seed: 11141088813561008403

9716 Arang the Grappler (level 11, -9/89 HPs)
             Began as a Ghoul Monk on Aug 12, 2019.
             Was a High Priest of Makhleb.
             Mangled by a large slime creature (26 damage)
             ... on level 11 of the Dungeon.
             The game lasted 00:29:24 (10528 turns).

Arang the Grappler (Ghoul Monk)                    Turns: 10528, Time: 00:29:24

Health: -9/89      AC: 17    Str: 21    XL:     11   Next: 50%
Magic:  0/14       EV:  7    Int:  5    God:    Makhleb [*****.]
Gold:   634        SH:  4    Dex: 11    Spells: 10/10 levels left

rFire    + . .     SeeInvis .     - Unarmed
rCold    + . .     Gourm    .   B - +0 buckler
rNeg     + + +     Faith    .   N - +0 plate armour
rPois    ∞         Spirit   +   (no helmet)
rElec    .         Reflect  .   c - +2 cloak {MR+}
rCorr    .         Harm     .   (no gloves)
MR       +....                  (no boots)
Stlth    ..........             O - amulet of guardian spirit
HPRegen  0.00/turn              t - +2 ring of strength
MPRegen  0.14/turn              M - ring of protection from fire

@: rotting, invisible
A: rotting body, claws 1, carnivore, cold resistance 1, negative energy
resistance 3, inhibited regeneration, torment resistance, unbreathing
a: Minor Destruction, Lesser Servant of Makhleb, Major Destruction, Greater
Servant of Makhleb, Renounce Religion


You were on level 11 of the Dungeon.
You worshipped Makhleb.
Makhleb was extremely pleased with you.
You were not hungry.

You visited 1 branch of the dungeon, and saw 12 of its levels.

You collected 634 gold pieces.

Inventory:

Hand Weapons
 y - a +2 flail of crushing
 L - a +3 war axe of freezing
Missiles
 a - 4 javelins
 e - 38 poisoned darts (quivered)
 f - 4 curare-tipped darts
 F - 20 boomerangs
Armour
 c - a +2 cloak of magic resistance (worn)
 s - a +1 robe of cold resistance
 u - a scarf of repulsion
 v - a +0 pair of gloves
 B - a +0 buckler (worn)
 N - a +0 plate armour (worn)
Jewellery
 m - an uncursed ring of ice
 q - an uncursed amulet of faith
 t - a +2 ring of strength (left claw)
 M - a ring of protection from fire (right claw)
 O - an amulet of guardian spirit (around neck)
 W - an uncursed ring of wizardry
Wands
 p - a wand of acid (6)
 C - a wand of random effects (16)
 D - a wand of paralysis (17)
 K - a wand of digging (10)
 S - a wand of iceblast (22)
Scrolls
 d - 3 scrolls of enchant armour {unknown}
 g - 3 scrolls of fog {unknown}
 j - 2 scrolls of enchant weapon {unknown}
 l - a scroll of noise {unknown}
 o - 3 scrolls of fear
 x - 5 scrolls of remove curse
 z - a scroll of vulnerability {unknown}
 A - 3 scrolls of amnesia {unknown}
 E - 3 scrolls of immolation {unknown}
 G - 3 scrolls of teleportation {unknown}
 T - 2 scrolls of identify
 X - 3 scrolls of torment {unknown}
Potions
 h - 5 potions of curing
 i - a potion of mutation
 k - a potion of lignification
 n - a potion of flight {unknown}
 r - 2 potions of might
 w - 2 potions of haste
 H - 3 potions of resistance
 I - a potion of heal wounds {unknown}
 J - 2 potions of invisibility
 P - a potion of cancellation {unknown}
 Q - 2 potions of brilliance {unknown}
 R - a potion of degeneration {unknown}
 U - a potion of ambrosia {unknown}
Comestibles
 b - 19 rations
 V - 5 chunks of flesh


   Skills:
 * Level 6.2 Fighting
 - Level 0.1 Throwing
 * Level 9.6 Armour
 - Level 2.6 Dodging
 - Level 2.1 Stealth
 - Level 4.1 Shields
 + Level 12.6 Unarmed Combat
 - Level 5.4 Invocations


You had 10 spell levels left.
You didn't know any spells.
Your spell library contained the following spells:

 Spells                   Type           Power        Failure   Level  Hunger
 Corona                   Hex            #......      100%        1    ##.....
 Ensorcelled Hibernation  Hex/Ice        #.....       100%        2    ###....
 Confuse                  Hex            #.......     100%        3    ####...
 Dazzling Spray           Conj/Hex       #.....       100%        3    ####...
 Tukima's Dance           Hex            #.......     100%        3    ####...
 Summon Lightning Spire   Summ/Air       #.......     100%        4    #####..
 Silence                  Hex/Air        #.........   100%        5    ######.
 Conjure Ball Lightning   Conj/Air       #.........   100%        6    #######
 Deflect Missiles         Chrm/Air       #.........   100%        6    #######
 Tornado                  Air            #.........   100%        9    #######


Dungeon Overview and Level Annotations

Branches:
Dungeon (12/15)            Temple (0/1) D:6            Lair (0/6) D:9
    Orc (0/2) D:10

Altars:
Ashenzari
Cheibriados
Kikubaaqudgha
Makhleb
Qazlal
Ru
Trog
Wu Jian
Xom

Annotations:
D:2 exclusion: downstairs
D:4 1 runed translucent door, Apatiregn's ghost, novice MiBe
D:9 2 transporters
D:10 2 runed translucent doors, SkyBlueFox's ghost, journeyman DsTm


Innate Abilities, Weirdness & Mutations

Your body is rotting away.
You thrive on raw meat.
You are immune to poison.
You have sharp fingernails.
You are carnivorous and can eat meat at any time.
Your flesh is cold resistant. (rC+)
You are immune to negative energy. (rN+++)
You do not regenerate when monsters are visible.
You are immune to unholy pain and torment.
You can survive without breathing.


Message History

The kobold hits you but does no damage. The large slime creature hits you!!
The kobold barely misses you.
You claw the large slime creature!
The large slime creature is heavily wounded.
The slime creature hits you but does no damage.
The slime creature hits you!
Unknown command.
You are too injured to fight recklessly!
You are too injured to fight recklessly!
Unknown command.
The large slime creature hits you!!
* * * LOW HITPOINT WARNING * * *
The kobold hits you but does no damage.
The slime creature hits you but does no damage. x2
You climb upwards.
There is a stone staircase leading down here.
Okay, then.
You fade into invisibility!
The large slime creature hits you!!
You die...

######### #.....(..
############# #.#######
........÷...# ###.### #
###########.######## #.....#
#
###########...KJ@JJ####.....#
#
#............#####.K.....)..#
# #.#...........#
######.....# #
#.#.#######.#.# #.....# #
#.#.# #..#.# ###.#.#####
..#.# #.##.# #.....##. #.#.#
#.##.# #.....#.# #.#.# #.##.#
#........ ....# #.##.#
#........


You could see a large slime creature, 2 slime creatures and 2 kobolds.

Vanquished Creatures
  A two-headed ogre (D:9)
  An unseen horror (D:11)
  A komodo dragon (shapeshifter) (D:11)
  A hornet (D:11)
  A troll (D:11)
  2 hippogriffs (D:9)
  Sigmund (D:3)
  Eustachio (D:4)
  3 yaks (D:9)
  3 hungry ghosts
  Menkaure (D:6)
  A warg (D:10)
  Edmund (D:4)
  2 water moccasins
  3 orc warriors
  3 black bears
  A phantom (D:4)
  3 sky beasts
  4 ice beasts
  A necrophage (D:10)
  4 ogres
  2 centaurs
  3 big kobolds
  7 bullfrogs
  2 gnoll sergeants
  2 scorpions
  6 killer bees (D:10)
  3 wights (D:8)
  A howler monkey (D:7)
  7 crimson imps
  2 centaur zombies
  A quasit (D:9)
  4 hounds
  3 bullfrog zombies
  An iron imp (D:5)
  3 jellies (D:9)
  Crazy Yiuf (D:2)
  3 orc priests
  3 bullfrog skeletons
  Jessica (D:2)
  2 iguanas
  8 worker ants
  10 orc wizards
  A killer bee zombie (D:9)
  2 hound zombies
  2 hound skeletons
  10 gnolls
  6 adders
  A shadow imp (D:9)
  6 oozes
  An adder zombie (D:5)
  2 adder skeletons
  A worm (D:4)
  10 leopard geckos
  49 orcs
  6 giant cockroaches
  5 goblins
  6 hobgoblins
  11 jackals (D:2)
  5 quokkas
  A ball python (D:1)
  6 bats
  8 frilled lizards
  A jackal zombie (D:5)
  18 kobolds
  2 leopard gecko skeletons
  5 rats
279 creatures vanquished.

Vanquished Creatures (collateral kills)
  A two-headed ogre (D:8)
  A hornet (D:7)
  A hippogriff (D:8)
  A bullfrog (D:7)
  2 wights (D:8)
  An adder (D:8)
7 creatures vanquished.

Vanquished Creatures (others)
  A human (D:6)
1 creature vanquished.

Grand Total: 287 creatures vanquished

Notes
Turn   | Place    | Note
-------+----------+-------------------------------------------
     0 | D:1      | Arang the Ghoul Monk began the quest for the Orb.
     0 | D:1      | Reached XP level 1. HP: 19/19 MP: 0/0
    80 | D:1      | Reached XP level 2. HP: 20/26 MP: 1/1
   830 | D:1      | Reached XP level 3. HP: 31/33 MP: 2/2
  1005 | D:2      | Reached skill level 1 in Armour
  1055 | D:2      | Found a faded altar of an unknown god.
  1059 | D:2      | Reached skill level 4 in Unarmed Combat
  1100 | D:2      | Noticed a scorpion
  1141 | D:2      | Killed a scorpion
  1141 | D:2      | Reached XP level 4. HP: 13/40 MP: 3/3
  1428 | D:2      | Noticed Jessica
  1436 | D:2      | Killed Jessica
  1436 | D:2      | Reached skill level 5 in Unarmed Combat
  1436 | D:2      | Reached XP level 5. HP: 41/46 MP: 4/4
  1619 | D:2      | Found a shattered altar of Ashenzari.
  1672 | D:2      | Found a runed translucent door.
  1673 | D:2      | Noticed Crazy Yiuf
  1913 | D:2      | Killed Crazy Yiuf
  2350 | D:3      | Noticed Sigmund
  2389 | D:3      | Killed Sigmund
  2389 | D:3      | Reached skill level 6 in Unarmed Combat
  2389 | D:3      | Reached XP level 6. HP: 33/53 MP: 5/5
  2737 | D:4      | Noticed a hippogriff
  3147 | D:4      | Found a runed translucent door.
  3154 | D:4      | Noticed Apatiregn's ghost (novice MiBe)
  3175 | D:4      | Noticed Eustachio
  3385 | D:4      | Found a burning altar of Makhleb.
  3458 | D:4      | Became a worshipper of Makhleb the Destroyer
  3458 | D:4      | Reached * piety under Makhleb
  3458 | D:4      | Reached ** piety under Makhleb
  3547 | D:4      | Noticed Edmund
  3563 | D:4      | Killed Edmund
  3563 | D:4      | Reached XP level 7. HP: 39/60 MP: 6/6
  3617 | D:4      | Killed Eustachio
  3617 | D:4      | Reached skill level 7 in Unarmed Combat
  3617 | D:4      | Reached skill level 1 in Invocations
  4155 | D:5      | Entered Level 5 of the Dungeon
  4162 | D:5      | Reached XP level 8. HP: 67/67 MP: 8/8
  4275 | D:5      | Reached skill level 5 in Armour
  4280 | D:5      | Reached skill level 1 in Shields
  4339 | D:5      | Found a snail-covered altar of Cheibriados.
  4392 | D:5      | Reached skill level 8 in Unarmed Combat
  4411 | D:5      | Reached *** piety under Makhleb
  4447 | D:5      | Found a shimmering altar of Xom.
  5115 | D:6      | Reached skill level 9 in Unarmed Combat
  5115 | D:6      | Reached XP level 9. HP: 72/72 MP: 9/9
  5499 | D:6      | Noticed Menkaure
  5506 | D:6      | Killed Menkaure
  5508 | D:6      | Found a staircase to the Ecumenical Temple.
  5565 | D:6      | Found an ornate altar of the Wu Jian Council.
  5598 | D:6      | Found an ancient bone altar of Kikubaaqudgha.
  5811 | D:7      | Found a sacrificial altar of Ru.
  5841 | D:7      | Noticed a hornet
  5862 | D:7      | Killed a hornet
  6457 | D:8      | Noticed a two-headed ogre
  6492 | D:8      | Killed a two-headed ogre
  6492 | D:8      | Reached skill level 5 in Fighting
  6492 | D:8      | Reached skill level 10 in Unarmed Combat
  6588 | D:8      | Reached XP level 10. HP: 63/81 MP: 11/11
  6623 | D:8      | Found a stormy altar of Qazlal.
  7117 | D:8      | Found a bloodstained altar of Trog.
  7430 | D:9      | Noticed a two-headed ogre
  7449 | D:9      | Killed a two-headed ogre
  7449 | D:9      | Reached skill level 11 in Unarmed Combat
  7449 | D:9      | Reached skill level 5 in Invocations
  7798 | D:9      | Found a staircase to the Lair.
  7867 | D:9      | Reached **** piety under Makhleb
  8119 | D:9      | Found a transporter.
  8382 | D:9      | Found a transporter.
  8555 | D:10     | Entered Level 10 of the Dungeon
  8589 | D:10     | Found a staircase to the Orcish Mines.
  8603 | D:10     | Reached XP level 11. HP: 61/88 MP: 8/14
  8712 | D:10     | Reached ***** piety under Makhleb
  8898 | D:10     | Noticed SkyBlueFox's ghost (journeyman DsTm)
  8898 | D:10     | Noticed a lich
  8898 | D:10     | Noticed a skeletal warrior
  8899 | D:10     | Noticed a phantasmal warrior
  8900 | D:10     | Noticed a flayed ghost
  8942 | D:10     | Reached skill level 12 in Unarmed Combat
  9280 | D:10     | Found a runed translucent door.
  9282 | D:10     | Found a runed translucent door.
  9604 | D:10     | Noticed a necromancer
 10173 | D:11     | Killed an unseen horror
 10528 | D:11     | Mangled by a large slime creature

Levels and vault maps discovered:
D:1:      lightli_arrival_boilingwater, layout_loops_ring, minmay_lizard_pond
D:2:      layout_basic, marbit_many_paths, chequers_ecumenical_altar_simple,
          uniq_jessica, uniq_crazy_yiuf_cottage
D:3:      layout_loops_ring, first_ration, roderic_lattice_a,
          guppyfry_early_orc_mine, uniq_sigmund
D:4:      layout_basic, kennysheep_mini_moat, ebering_ghost_sewer_d,
          hangedman_decor_opposing, uniq_eustachio, uniq_edmund
D:5:      layout_loops_ring, xom_butterflies, slow_altar_1
D:6:      layout_cave_pods, nicolae_overflow_hidden_temple,
          minmay_temple_entry_mist, tgw_kikubaaqudgha, uniq_menkaure
D:7:      layout_gridville, lemuel_crystal_altar
D:8:      layout_loops_ring, lemuel_coloured_pillars_altar, lemuel_crystal_altar
D:9:      gammafunk_jiyva_shrine, layout_irregular_city, lair_entry_dummy,
          hangedman_little_slice_of_home
D:10:     layout_basic, david_orc_3, muffindrake_ghost_dual_entry,
          lemuel_statue_altar
D:11:     layout_loops_ring
D:12:     layout_rooms, uniq_fannar, uniq_azrael, uniq_nessos

Skill      XL: |  1  2  3  4  5  6  7  8  9 10 11 |
---------------+----------------------------------+-----
Armour         | 1 2 3 4 5 7 8 9 |  9.6
Unarmed Combat | 4 5 6 7 9 10 11 12 | 12.6
Fighting       | 4 5 6 |  6.2
Invocations    | 2 3 5 |  5.4
Shields        | 2 3 4 |  4.1
Throwing       | |  0.1
Dodging        | |  2.6
Stealth        | |  2.1

Action                   |  1- 3 |  4- 6 |  7- 9 | 10-12 || total
-------------------------+-------+-------+-------+-------++-------
Melee: Unarmed           |    99 |   158 |   348 |   565 ||  1170
       Punch             |       |     6 |       |       ||     6
Throw: Dart              |       |       |     6 |     5 ||    11
Invok: Lesser Servant of |       |       |     2 |       ||     2
  Use: Scroll            |       |       |     8 |     3 ||    11
       Potion            |       |       |       |     1 ||     1
 Stab: Sleeping          |     3 |     1 |       |       ||     4
       Distracted        |       |     1 |       |       ||     1
  Eat: Chunk             |    15 |    11 |    21 |    38 ||    85
Armor: Robe              |    14 |     6 |       |       ||    20
       Scale mail        |       |    43 |       |       ||    43
       Chain mail        |       |       |   144 |    19 ||   163
       Plate armour      |       |       |       |   337 ||   337
Dodge: Dodged            |    66 |    89 |   104 |   172 ||   431
Block: Buckler           |       |       |    43 |   112 ||   155

Table legend:
 A = Non-vault XP
 B = Vault XP
 C = Vault XP percentage of total XP
 D = Non-vault monster count
 E = Vault monster count
 F = Vault count percentage of total count
                 A         B        C        D         E       F
            +---------+---------+-------+---------+---------+-------
      Total |   12515 |    1366 |   9.8 |     252 |      34 |  11.9
            +---------+---------+-------+---------+---------+-------
        D:1 |      30 |       4 |  11.8 |      19 |       4 |  17.4
        D:2 |     129 |      80 |  38.3 |      29 |       3 |   9.4
        D:3 |      26 |     222 |  89.5 |       7 |       8 |  53.3
        D:4 |     330 |     361 |  52.2 |      13 |       2 |  13.3
        D:5 |     865 |      44 |   4.8 |      28 |       1 |   3.4
        D:6 |     443 |     172 |  28.0 |      15 |       1 |   6.2
        D:7 |    1003 |       0 |   0.0 |      12 |       0 |   0.0
        D:8 |    1724 |       0 |   0.0 |      26 |       0 |   0.0
        D:9 |    3303 |     167 |   4.8 |      39 |       8 |  17.0
       D:10 |    1331 |     316 |  19.2 |      28 |       7 |  20.0
       D:11 |    2454 |       0 |   0.0 |      30 |       0 |   0.0
       D:12 |     877 |       0 |   0.0 |       6 |       0 |   0.0
            +---------+---------+-------+---------+---------+-------
